 Dungeon Crawl Stone Soup version 0.28.0-53-g5a82cb258f (webtiles) character file.

Game seed: 8756713453514892071

81 mcbry74 the Skirmisher (level 4, -7/40 HPs)
             Began as a Hill Orc Fighter on July 3, 2022.
             Killed by divine providence
             ... invoked by an orc priest
              (14 damage)
             ... on level 2 of the Dungeon.
             The game lasted 00:02:48 (1089 turns).

mcbry74 the Skirmisher (Hill Orc Fighter)           Turns: 1089, Time: 00:02:48

Health: -7/40      AC:  7    Str: 18    XL:     4   Next: 40%
Magic:  4/4        EV:  9    Int: 10    God:
Gold:   41         SH:  4    Dex: 10    Spells: 3/3 levels left

rFire   . . .      SeeInvis .   a - +0 war axe
rCold   . . .      Faith    .   c - +0 buckler
rNeg    . . .      Spirit   .   b - +0 scale mail
rPois   .          Reflect  .   (no helmet)
rElec   .          Harm     .   (no cloak)
rCorr   .          Rampage  .   (no gloves)
Will    .....                   (no boots)
Stlth   ..........              (no amulet)
HPRegen 0.13/turn               (no ring)
MPRegen 0.09/turn               (no ring)

@: no status effects
A: no striking features
a: Convert to Beogh


You were on level 2 of the Dungeon.
You visited 1 branch of the dungeon, and saw 2 of its levels.

You collected 41 gold pieces.

Inventory:

Hand Weapons
 a - a +0 war axe (weapon)
Armour
 b - a +0 scale mail (worn)
 c - a +0 buckler (worn)
Jewellery
 e - an amulet of reflection
Wands
 g - a wand of acid (10)
Scrolls
 f - a scroll of teleportation {unknown}
Potions
 d - a potion of might


   Skills:
 - Level 4.1 Fighting
 * Level 4.0 Axes
 + Level 4.0 Armour
 - Level 4.0 Shields


You had 3 spell levels left.
You didn't know any spells.
Your spell library was empty.

Dungeon Overview and Level Annotations

Branches:
Dungeon (2/15)

Altars:


Message History

The orc hits you but does no damage.
You closely miss the orc.
The orc is moderately wounded.
The orc hits you with a +0 dagger. The orc barely misses you.
You hit the orc.
The orc is severely wounded.
The orc barely misses you.
You hit the orc.
You kill the orc!
Your Axes skill increases to level 4!
Items here: )))) [[ †††.
You start resting.
An orc comes into view. It is wielding a +0 short sword.
The orc shouts!
A jackal comes into view.
An orc priest comes into view. It is wielding a +1 mace of holy wrath.
A jackal comes into view.
The jackal moves out of view.
The orc priest threatens, "By the altar or by the axe, you will meet Beogh!" (press Y on the ability menu to convert to Beogh)
The orc priest shouts!
The jackal barks!
You hear a bark! x2
Items here: )))) [[ †††.
A jackal comes into view.
The jackal barks!
The orc priest calls down the wrath of Beogh upon you.
Beogh smites you!
* * * LOW HITPOINT WARNING * * *
You hear a bark!
Things that are here:
a +0 short sword; 3 stones
Items here: )))) [[ †††.
The orc priest looks satisfied for a moment.
A jackal comes into view.
The jackal barks!
The jackal closely misses you.
The jackal pauses to sniff the ground.
The jackal bites you but does no damage.
The orc priest calls down the wrath of Beogh upon you.
Beogh smites you!
You die...

#.............#
..# o..
#######....##.#
..# ..
#.o......# ..#
.
#..##..#.###..#
#.h##.........#
#hh##..#.####.#
#o.....#.#
##h#####.#
#.@.....#
#...<####
######


You could see an orc priest, an orc and 4 jackals.

Vanquished Creatures
  An orc wizard (D:2)
  An adder (D:2)
  4 orcs (D:2)
  2 ball pythons (D:1)
  2 giant cockroaches
  6 hobgoblins
  4 jackals (D:1)
  5 kobolds
  4 quokkas (D:1)
  4 bats (D:1)
  4 goblins (D:1)
  4 rats (D:1)
41 creatures vanquished.

Notes
Turn   | Place    | Note
-------+----------+-------------------------------------------
     0 | D:1      | mcbry74 the Hill Orc Fighter began the quest for the Orb.
     0 | D:1      | Reached XP level 1. HP: 19/19 MP: 1/1
   222 | D:1      | Reached XP level 2. HP: 26/27 MP: 2/2
   473 | D:1      | Reached XP level 3. HP: 33/33 MP: 3/3
  1051 | D:2      | Reached XP level 4. HP: 22/40 MP: 4/4
  1089 | D:2      | Killed from afar by an orc priest

Illustrated notes

Levels and vault maps discovered:
D:1:      onia_arrival_mini_spirals, layout_loops_ring, minmay_tall_x
D:2:      cheibrodos_pilgrimage, layout_basic,
          shapermc_ecumenical_altar_rom_forum, basic_altar,
          hangedman_decor_clover_reticule

Skill      XL: |  1  2  3  4 |
---------------+-------------+-----
Axes           | 3 4 |  4.0
Fighting       | 4 |  4.1
Armour         | 4 |  4.0
Shields        | 4 |  4.0

Action                   |  1- 3 |  4- 6 || total
-------------------------+-------+-------++-------
Melee: War axe           |   111 |    12 ||   123
Armor: Scale mail        |    56 |     8 ||    64
Dodge: Dodged            |    46 |     5 ||    51
Block: Buckler           |    27 |     1 ||    28
